AoeStats
← RedPhosphoru

Arabia

509189930Analyzed
1v1 RM · 7d ago on Sep 25, 2026· 28m 40s· 2 players
Game mode
Random Map
Map size
Tiny (2 player)
Population
200
Speed
Normal
Resources
Standard
Victory
Conquest
Starting age
Dark Age
Ending age
Imperial Age
RankedLock teamsTeams togetherTeam positionsShared explorationLock speedFull tech treeHidden civsTurbo modeCheats
Victory
Defeat
🇲🇽 Bohemians · Mexico
2599
+14
🇺🇸 Saxons · United States
2558
-14
RedPhosphoru
4:54 Loom
10:34 Feudal Age
15:55 Castle Age
13:47 Double-Bit Axe
17:36 Redemption
Ux´Combito
9:47 Feudal Age
8:22 Loom
10:10 Loom
13:51 Castle Age
12:26 Double-Bit Axe
21:37 Horse Collar
21:58 Light Cavalry
23:14 Fervor
28:08 Chemistry
Connection lost

Rejoining the realm…

Still unreachable

The connection could not be restored.

Session expired

The server has moved on; the page needs a fresh start.